Map: Ruins of Endion

Players

klzero

  • Race: Zerg Zerg
  • League: Platinum

coppuh - Winner!

  • Race: Terran Terran
  • League: Diamond

VOD

Have the link to the VOD?

Description

Time

  • Played on: April 7, 2016, 7:10 p.m.
  • Length: 8:36
Show
View Real Time Build Order
Export as new Build Order

klzero Zerg 

Build Orders: Hatch First 

Get SALT Encoding   

  12  0:01  Drone  
  13  0:12  Overlord  
  13  0:21  Drone  
  14  0:31  Drone x2  
  14  0:35  Drone  
  17  0:55  Hatchery  
  16  0:57  Drone  
  16  1:02  Drone  
  18  1:05  Extractor  
  17  1:16  Spawning Pool  
  16  1:20  Drone  
  16  1:22  Drone  
  18  1:28  Drone  
  19  1:39  Overlord  
  19  1:49  Drone  
  20  2:00  Drone  
  21  2:04  Queen  
  21  2:07  Queen  
  21  2:08  Zergling x2  
  26  2:11  Zergling x2  
  27  2:18  Metabolic Boost  
  27  2:28  Drone x2  
  29  2:45  Queen  
  29  2:47  Queen  
  29  2:49  Drone x3  
  36  3:01  Overlord  
  36  3:15  Overlord  
  36  3:18  Hatchery  
  35  3:20  Overlord  
  35  3:25  Drone  
  35  3:26  Drone  
  37  3:32  Drone x3  
  40  3:36  Drone  
  40  3:37  Drone  
  40  3:39  Drone  
  43  3:45  Drone x3  
  46  3:51  Drone x2  
  48  3:59  Drone x3  
  48  4:00  Overlord  
  51  4:06  Lair  
  51  4:08  Drone x2  
  53  4:14  Evolution Chamber  
  53  4:15  Drone  
  53  4:16  Evolution Chamber  
  52  4:19  Overlord  
  52  4:24  Drone x3  
  54  4:29  Extractor  
  54  4:30  Drone x3, Extractor  
  56  4:31  Extractor  
  55  4:39  Overlord  
  55  4:40  Overlord  
  55  4:44  Zerg Melee Weapons Level 1  
  53  4:50  Queen  
  55  4:56  Zergling x16  
  63  5:07  Queen  
  63  5:12  Queen  
  67  5:24  Drone x2  
  67  5:25  Drone x4  
  73  5:30  Drone x3  
  73  5:34  Spire  
  75  5:36  Drone  
  76  5:47  Baneling Nest  
  76  5:48  Zerg Ground Armor Level 1  
  75  6:03  Overlord x3  
  75  6:04  Overlord x2, Drone x4  
  76  6:05  Zergling x6  
  78  6:13  Zergling x8  
  82  6:23  Zergling x4  
  82  6:24  Zergling x2  
  82  6:27  Zergling x4  
  82  6:28  Zergling x2  
  82  6:31  Baneling x4  
  82  6:32  Baneling x4  
  75  6:41  Drone  
  75  6:42  Drone  
  76  6:50  Zergling x8  
  63  7:02  Zergling x10  
  64  7:11  Baneling x4  
  58  7:29  Zergling x18  
  54  7:31  Queen  
  54  7:35  Mutalisk  
  50  7:47  Zergling x4  
  50  7:49  Baneling x7  
  50  7:50  Baneling  
  46  8:01  Mutalisk x2  
  50  8:12  Zergling x6  
  45  8:19  Zergling x2  
Show
View Real Time Build Order
Export as new Build Order

coppuh Terran - Winner!

Build Orders: Reaper Expand 

Get SALT Encoding   

  12  0:01  SCV  
  13  0:13  SCV  
  14  0:17  Supply Depot  
  14  0:25  SCV  
  15  0:39  SCV  
  15  0:40  Barracks  
  16  0:45  Refinery  
  16  0:51  SCV  
  17  1:03  SCV  
  18  1:15  SCV  
  19  1:27  Orbital Command  
  19  1:28  Reaper  
  20  1:41  Command Center  
  20  1:53  Supply Depot  
  20  1:54  SCV  
  20  2:00  Marine  
  22  2:09  Factory  
  22  2:12  SCV  
  23  2:19  Refinery  
  23  2:24  Barracks Reactor  
  23  2:36  SCV  
  24  2:52  SCV  
  24  2:53  Orbital Command  
  24  2:57  Starport  
  25  3:04  SCV  
  28  3:13  Marine, Hellion x2  
  28  3:17  SCV  
  32  3:22  SCV  
  33  3:29  SCV  
  33  3:34  SCV, Marine  
  34  3:35  Hellion x2  
  34  3:36  Viking  
  34  3:40  Supply Depot  
  42  3:47  SCV x2  
  44  3:52  Marine  
  45  3:59  SCV  
  45  4:00  Barracks  
  45  4:02  SCV  
  47  4:04  Barracks  
  47  4:07  Medivac  
  49  4:11  SCV  
  49  4:13  Barracks Tech Lab  
  49  4:14  SCV, Hellion  
  53  4:21  Supply Depot  
  53  4:23  SCV  
  54  4:26  SCV  
  54  4:30  Hellion  
  57  4:32  Marine  
  57  4:35  SCV, Stimpack  
  57  4:38  SCV  
  60  4:45  Supply Depot  
  60  4:46  Armory  
  60  4:49  Barracks Reactor  
  60  4:50  Hellion  
  62  4:56  SCV  
  62  4:57  SCV  
  62  4:58  Medivac, Hellion  
  62  4:59  Marine x2  
  70  5:09  SCV  
  71  5:15  SCV  
  71  5:21  SCV  
  73  5:23  Supply Depot  
  73  5:28  Marine x3, Supply Depot, Barracks Reactor  
  73  5:29  Hellion  
  78  5:37  Starport Reactor  
  78  5:41  Engineering Bay  
  78  5:42  Engineering Bay  
  78  5:45  SCV x2, Hellion  
  78  5:47  Refinery  
  78  5:49  Supply Depot  
  82  5:51  Supply Depot, Marine x2  
  82  5:52  Marine  
  85  6:03  SCV x2  
  87  6:09  Marine x2  
  89  6:13  Marine x2  
  89  6:14  Marine  
  89  6:15  Medivac, Hellion x2  
  89  6:16  SCV x2  
  100  6:22  Supply Depot  
  100  6:28  SCV  
  100  6:29  SCV, Marine  
  100  6:30  Marine x2  
  105  6:33  Supply Depot  
  105  6:35  Terran Infantry Armor Level 1  
  105  6:40  SCV  
  91  7:04  Marine x2  
  91  7:05  Marine x2  
  91  7:06  Marine  
  91  7:08  Hellion x2  
  100  7:09  Medivac x2  
  100  7:11  SCV x2  
  104  7:22  Marine x2  
  105  7:23  SCV x2  
  104  7:31  Supply Depot  
  104  7:32  Marine x3  
  104  7:35  SCV x2  
  109  7:42  Command Center, Marine  
  109  7:43  Marine  
  111  7:49  Marine  
  108  7:59  Marine x2  
  108  8:05  Marine  
  111  8:11  Marine  
  111  8:12  Marine  
  105  8:13  Hellion x2  
  105  8:16  Marine  
  105  8:17  Marine  
  113  8:27  Barracks  
  113  8:28  Barracks  
Tags
 
Add a new tag
Caveats
  • Supply blocks, unpowered buildings, or Contaminate may cause inaccurate times.
  • Supply counts are checked every 10 seconds.